 Dungeon Crawl Stone Soup version 0.31-a0-233-g139696dc86 (webtiles) character file.

Game seed: 14553485605152938537

2186 qw the Skirmisher (level 9, -3/79 HPs)
             Began as a Minotaur Hexslinger on July 8, 2023.
             Was an Initiate of Okawaru.
             Killed from afar by a steam dragon (8 damage)
             ... with a ball of steam
             ... on level 7 of the Dungeon.
             The game lasted 00:02:01 (5547 turns).

qw the Skirmisher (Minotaur Hexslinger)             Turns: 5547, Time: 00:02:02

Health: -3/79      AC:  8    Str: 12 (13) XL:     9   Next: 11%
Magic:  8/8        EV: 16    Int: 10      God:    Okawaru [......]
Gold:   246        SH:  0    Dex: 16 (17) Spells: 9/10 levels left

rFire   . . .        Y - +0 arbalest
rCold   . . .        (shield currently unavailable)
rNeg    . . .        e - +0 ring mail
rPois   +            (helmet restricted)
rElec   +            (no cloak)
rCorr   .            m - +0 pair of gloves
SInv    +            k - +0 pair of boots
Will    .....        a - amulet of faith
Stlth   +            n - +5 ring of evasion
HPRegen 0.33/turn    (no ring)
MPRegen 0.11/turn

%: faith
@: about to teleport
A: horns 2, retaliatory headbutt, see invisible, low MP 1, poison resistance,
electricity resistance
a: Renounce Religion


You were on level 7 of the Dungeon.
You worshipped Okawaru.
Okawaru was noncommittal.
You visited 2 branches of the dungeon, and saw 8 of its levels.

You collected 246 gold pieces.


Innate Abilities, Weirdness & Mutations

You have a pair of horns on your head.
You reflexively headbutt those who attack you in melee.
You have supernaturally acute eyesight. (SInv)
Your magical capacity is low. (-10% MP)
Your system is resistant to poisons. (rPois)
You are resistant to electric shocks. (rElec)


   Skills:
 - Level 7.1 Fighting
 - Level 11.0 Ranged Weapons
 - Level 3.2 Armour
 + Level 3.2 Dodging
 - Level 1.0 Spellcasting
 - Level 2.0 Hexes


You had 9 spell levels left.
You knew the following spells:

 Your Spells              Type           Power      Damage    Failure   Level
a - Slow                  Hex            16%        N/A       32%         1

Your spell library contained the following spells:

 Spells                   Type           Power      Damage    Failure   Level
 Inner Flame              Hex/Fire       2%         N/A       82%         3
 Portal Projectile        Hex/Tloc       4%         N/A       82%         3
 Cause Fear               Hex            2%         N/A       97%         4

Inventory:

Hand Weapons
 Y - a +0 arbalest (weapon)
Armour
 e - a +0 ring mail (worn)
 k - a +0 pair of boots (worn)
 m - a +0 pair of gloves (worn)
Jewellery
 a - an amulet of faith (around neck)
 n - a +5 ring of evasion (left hand)
Scrolls
 h - a scroll of identify
Potions
 b - a potion of cancellation
 d - 3 potions of curing
 f - 6 potions of mutation
 g - a potion of heal wounds {unknown}
 i - a potion of haste
 j - a potion of resistance {unknown}
 o - a potion of brilliance {unknown}

Dungeon Overview and Level Annotations

Branches:
Dungeon (7/15)             Temple (1/1) D:7

Altars:
Ashenzari
Cheibriados
Elyvilon
Fedhas
Gozag
Hepliaklqana
Kikubaaqudgha
Nemelex Xobeh
Okawaru
Qazlal
Ru
Sif Muna
Trog
Uskayaw
Vehumet
Xom
Yredelemnul
Zin

Shops:
D:3 (


Message History

The sleepcap is almost destroyed.
The sleepcap closely misses you. The sleepcap releases spores at you.
You are engulfed in a cloud of soporific spores!
You are unaffected.
You shoot a bolt.
The bolt hits the sleepcap but does no damage.
The sleepcap is almost destroyed.
The sleepcap releases spores at you.
You are engulfed in a cloud of soporific spores!
You fall asleep.
The sleepcap releases spores at you!
You wake up.
You shoot a bolt.
The bolt hits the sleepcap but does no damage.
The sleepcap is almost destroyed.
The sleepcap closely misses you. The sleepcap misses you.
You shoot a bolt. The bolt hits the sleepcap.
You destroy the sleepcap!
Okawaru accepts your kill.
You shoot a bolt. The bolt hits the steam dragon!
The steam dragon is heavily wounded.
The steam dragon breathes steam at you. The ball of steam hits you!!
The steam dragon bites you!
The steam dragon claws you but does no damage.
You hear a shout! x2
5545 ||| READING scroll of teleportation.
As you read the scroll of teleportation, it crumbles to dust.
You feel strangely unstable.
You are engulfed in a cloud of scalding steam.
The steam dragon closely misses you. x2
You shoot a bolt.
The bolt hits the steam dragon but does no damage.
The steam dragon is heavily wounded.
You are engulfed in a cloud of scalding steam.
The steam dragon barely misses you. x2
You shoot a bolt. The bolt hits the steam dragon.
The steam dragon is heavily wounded.
You are engulfed in a cloud of scalding steam.
The steam dragon breathes steam at you. The ball of steam hits you!
You die...

#.# ........ #.# #.#
###. # #.# #.# #... ..
#.# #.# #.## ... #.#
#.# #.# .... #.#
#.####.# #... ##.##
#.#....#
#....####...###.#.####
#.D@¤....(..<..#
######¤..###.###
######.## #.# #......#
#.#
#.####.####.#######
#.# #.(........... #.#
#............. #.#
######.####### #.# #.#


You could see a steam dragon (catching breath).

Vanquished Creatures
  A troll (D:6)
  Grinder (D:3)
  A water moccasin (D:7)
  An ogre (D:4)
  A phantom (D:6)
  3 kobold brigands (D:7)
  A bullfrog (D:7)
  2 scorpions (D:6)
  4 killer bees (D:6)
  5 howler monkeys
  An orc priest (D:5)
  4 hounds
  A sleepcap (D:7)
  5 jellies
  5 iguanas
  Terence (D:2)
  Robin (D:3)
  4 gnolls (D:6)
  13 adders
  An ufetubus (D:4)
  3 worms
  2 dart slugs
  7 orcs
  6 bats
  4 endoplasms
  3 giant cockroaches
  13 goblins
  9 hobgoblins
  5 quokkas (D:2)
  6 ball pythons
  2 frilled lizards
  16 kobolds
  7 rats
139 creatures vanquished.

Notes
Turn   | Place    | Note
-------+----------+-------------------------------------------
     0 | D:1      | qw the Minotaur Hexslinger began the quest for the Orb.
     0 | D:1      | Reached XP level 1. HP: 16/16 MP: 1/1
     0 | D:1      | 0 ||| qw: Version: 0.3-a-46-gb1f654a
     0 | D:1      | 0 ||| qw: Game counter: 3519
     0 | D:1      | 0 ||| qw: Melee chars always use a shield: true
     0 | D:1      | 0 ||| qw: God list: Okawaru
     0 | D:1      | 0 ||| qw: Allow faded altars: false
     0 | D:1      | 0 ||| qw: Do Orc after clearing Dungeon:15 true
     0 | D:1      | 0 ||| qw: Do second Lair branch before Depths: true
     0 | D:1      | 0 ||| qw: Lair rune preference: random
     0 | D:1      | 0 ||| qw: Goals: Normal
     0 | D:1      | 0 ||| PLANNING D:1-11
   164 | D:1      | Reached skill level 3 in Ranged Weapons
   193 | D:1      | Reached XP level 2. HP: 23/23 MP: 2/2
   657 | D:1      | 657 ||| UPGRADING to +0 leather armour.
   667 | D:1      | 667 ||| DROPPING +0 robe.
   668 | D:1      | 668 ||| READING scroll labelled GURU FEDAMMEI.
   669 | D:1      | 669 ||| DRINKING 2 metallic golden potions.
   669 | D:1      | Gained mutation: Your magical capacity is low. (-10% MP)
                  | [potion of mutation]
   669 | D:1      | Gained mutation: You have supernaturally acute eyesight.
                  | (SInv) [potion of mutation]
   669 | D:1      | Gained mutation: You are resistant to electric shocks.
                  | (rElec) [potion of mutation]
   669 | D:1      | Gained mutation: Your system is resistant to poisons.
                  | (rPois) [potion of mutation]
   670 | D:1      | 670 ||| DROPPING scroll of poison.
   726 | D:2      | HP: 6/24 [poisoned by an adder]
   837 | D:2      | Reached XP level 3. HP: 29/29 MP: 3/3
   906 | D:2      | Found a bloodstained altar of Trog.
   997 | D:2      | Noticed Terence
  1008 | D:2      | HP: 2/29 [Terence/+0 flail (12)]
  1009 | D:2      | Killed Terence
  1010 | D:2      | Reached skill level 4 in Ranged Weapons
  1040 | D:2      | HP: 7/29 [quokka (2)]
  1042 | D:2      | HP: 2/29 [quokka (3)]
  1233 | D:2      | Reached XP level 4. HP: 26/36 MP: 3/3
  1626 | D:2      | Reached skill level 5 in Ranged Weapons
  1773 | D:2      | 1773 ||| UPGRADING to +0 ring mail.
  1783 | D:2      | 1783 ||| DROPPING +0 leather armour.
  1784 | D:2      | 1784 ||| UPGRADING to amulet of faith.
  1789 | D:2      | 1789 ||| READING 2 scrolls labelled GYENIBL EMENIM.
  1793 | D:2      | 1793 ||| READING scroll labelled GUNUINUIMP.
  1810 | D:3      | Reached skill level 1 in Armour
  1892 | D:3      | 1892 ||| SWAPPING to +0 arbalest.
  1893 | D:3      | 1893 ||| DROPPING +2 sling.
  2134 | D:3      | Noticed Grinder
  2137 | D:3      | Paralysed by Grinder for 4 turns
  2142 | D:3      | HP: 4/37 [Grinder/nerve-wracking pain (7)]
  2143 | D:3      | 2143 ||| READING scroll of teleportation.
  2144 | D:3      | Killed Grinder
  2145 | D:3      | Reached XP level 5. HP: 6/50 MP: 4/4
  2145 | D:3      | Reached XP level 6. HP: 7/57 MP: 5/5
  2435 | D:3      | Noticed Robin
  2450 | D:3      | Killed Robin
  2611 | D:3      | Found Tyxoecio's Antique Weapon Shoppe.
  2723 | D:3      | 2723 ||| READING 2 scrolls labelled SEEFUI DO BICA.
  2724 | D:3      | 2724 ||| DRINKING 2 sedimented clear potions.
  2725 | D:3      | 2725 ||| DROPPING scroll of vulnerability.
  2762 | D:4      | Reached skill level 6 in Ranged Weapons
  2964 | D:4      | Reached XP level 7. HP: 62/62 MP: 6/6
  3000 | D:4      | Found a snail-covered altar of Cheibriados.
  3050 | D:4      | 3050 ||| Stepping ~*~*~tactically~*~*~ (outnumbered).
  3254 | D:5      | Entered Level 5 of the Dungeon
  3355 | D:5      | Reached skill level 7 in Ranged Weapons
  3415 | D:5      | 3415 ||| FLEEEEING.
  3416 | D:5      | 3416 ||| FLEEEEING.
  3417 | D:5      | 3417 ||| FLEEEEING.
  3418 | D:5      | 3418 ||| FLEEEEING.
  3419 | D:5      | 3419 ||| FLEEEEING.
  3420 | D:5      | 3420 ||| FLEEEEING.
  3421 | D:5      | 3421 ||| FLEEEEING.
  3422 | D:5      | 3422 ||| FLEEEEING.
  3423 | D:5      | 3423 ||| FLEEEEING.
  3424 | D:5      | 3424 ||| FLEEEEING.
  3425 | D:5      | 3425 ||| FLEEEEING.
  3426 | D:5      | 3426 ||| FLEEEEING.
  3427 | D:5      | 3427 ||| FLEEEEING.
  3428 | D:5      | 3428 ||| FLEEEEING.
  3429 | D:5      | 3429 ||| FLEEEEING.
  3430 | D:5      | 3430 ||| FLEEEEING.
  3431 | D:5      | 3431 ||| STAIRDANCE
  3454 | D:5      | 3454 ||| STAIRDANCE
  3724 | D:5      | 3724 ||| FLEEEEING.
  3851 | D:5      | Reached skill level 8 in Ranged Weapons
  4002 | D:5      | 4002 ||| UPGRADING to +0 pair of boots.
  4007 | D:5      | 4007 ||| UPGRADING to +0 pair of gloves.
  4012 | D:5      | 4012 ||| READING 2 scrolls labelled PITHRYA RAWU.
  4013 | D:5      | 4013 ||| READING scroll labelled PEAGAYR LUWUO.
  4014 | D:5      | 4014 ||| DRINKING 2 silvery potions.
  4015 | D:5      | 4015 ||| DRINKING 2 metallic purple potions.
  4351 | D:6      | Noticed a troll
  4358 | D:6      | Killed a troll
  4359 | D:6      | Reached skill level 9 in Ranged Weapons
  4359 | D:6      | Reached XP level 8. HP: 70/70 MP: 7/7
  4371 | D:6      | Reached skill level 3 in Dodging
  4467 | D:6      | Reached skill level 6 in Fighting
  4654 | D:6      | Reached skill level 10 in Ranged Weapons
  4722 | D:6      | Reached skill level 3 in Armour
  4793 | D:6      | 4793 ||| UPGRADING to +5 ring of evasion.
  4794 | D:6      | 4794 ||| READING scroll labelled ERGHOOL RIVOGE.
  4795 | D:6      | 4795 ||| DRINKING 2 glowing silvery potions.
  4796 | D:6      | 4796 ||| READING 2 scrolls of identify.
  4796 | D:6      | 4796 ||| IDENTIFYING bubbling ruby potion
  4797 | D:6      | 4797 ||| DROPPING potion of degeneration.
  4798 | D:6      | 4798 ||| DROPPING potion of invisibility.
  4968 | D:7      | Reached XP level 9. HP: 77/79 MP: 8/8
  5123 | D:7      | Found a staircase to the Ecumenical Temple.
  5124 | D:7      | 5124 ||| PLANNING TEMPLE
  5132 | Temple   | Entered the Ecumenical Temple
  5204 | Temple   | 5204 ||| PLANNING OKAWARU WORSHIP
  5212 | Temple   | Became a worshipper of Warmaster Okawaru
  5213 | Temple   | 5213 ||| PLANNING D:1-11
  5480 | D:7      | Found an opulent altar of Gozag.
  5480 | D:7      | Found a hide-covered altar of Uskayaw.
  5480 | D:7      | Found a broken altar of Ashenzari.
  5480 | D:7      | Found an ancient bone altar of Kikubaaqudgha.
  5487 | D:7      | Found a sacrificial altar of Ru.
  5487 | D:7      | Found a radiant altar of Vehumet.
  5493 | D:7      | Identified the +7 hand axe of Terolost {spect, rElec rF+++
                  | Int-4 Stlth-}
  5535 | D:7      | Reached skill level 11 in Ranged Weapons
  5544 | D:7      | HP: 16/79 [steam dragon/ball of steam (20)]
  5544 | D:7      | HP: 7/79 [steam dragon (9)]
  5545 | D:7      | 5545 ||| READING scroll of teleportation.
  5545 | D:7      | HP: 3/79 [steam dragon] (4)]
  5547 | D:7      | Killed from afar by a steam dragon

Levels and vault maps discovered:
D:1:      saegor_arrival_simple_a, layout_loops_ring, hangedman_decor_growths,
          minmay_misc_feat_chi
D:2:      layout_basic, basic_altar, uniq_terence
D:3:      layout_loops_ring, serial_shops, shop, uniq_robin, uniq_grinder
D:4:      layout_rooms, slow_altar_2, amcnicky_mini_rare_corridor_liquid
D:5:      layout_basic
D:6:      layout_gridville
D:7:      layout_loops_ring, minmay_overflow_temple_hex,
          minmay_temple_entry_tees, hex_tiny, minmay_misc_feat_plants
Temple:   jpeg_temple_clearing

Skill      XL: |  1  2  3  4  5  6  7  8  9 |
---------------+----------------------------+-----
Ranged Weapons | 3 4 5 6 9 10 11 | 11.0
Fighting       | 2 5 7 |  7.1
Armour         | 1 2 3 |  3.2
Dodging        | 3 |  3.2
Spellcasting   | |  1.0
Hexes          | |  2.0

Action                     |  1- 3 |  4- 6 |  7- 9 || total
---------------------------+-------+-------+-------++-------
   Fire: Sling             |   107 |    46 |       ||   153
         Arbalest          |       |    72 |   195 ||   267
    Use: Scroll            |     1 |     4 |     5 ||    10
         Potion            |     1 |     1 |     3 ||     5
 Armour: Robe              |     2 |       |       ||     2
         Leather armour    |     7 |     5 |       ||    12
         Ring mail         |       |    26 |    39 ||    65
  Dodge: Dodged            |    34 |    63 |   131 ||   228

Table legend:
 A = Non-vault XP
 B = Vault XP
 C = Vault XP percentage of total XP
 D = Non-vault monster count
 E = Vault monster count
 F = Vault count percentage of total count
                 A         B        C        D         E       F
            +---------+---------+-------+---------+---------+-------
      Total |    2771 |     352 |  11.3 |     128 |      11 |   7.9
            +---------+---------+-------+---------+---------+-------
        D:1 |      26 |       0 |   0.0 |      16 |       0 |   0.0
        D:2 |      81 |      36 |  30.8 |      24 |       1 |   4.0
        D:3 |      44 |     311 |  87.6 |      10 |       9 |  47.4
        D:4 |     336 |       5 |   1.5 |      21 |       1 |   4.5
        D:5 |     334 |       0 |   0.0 |      13 |       0 |   0.0
        D:6 |    1098 |       0 |   0.0 |      18 |       0 |   0.0
        D:7 |     852 |       0 |   0.0 |      26 |       0 |   0.0
            +---------+---------+-------+---------+---------+-------
